 Dungeon Crawl Stone Soup version 0.30.0-5-g1a98f26d00 (webtiles) character file.

Game seed: 17824892787075004282

5462 qeuew the Cleaver (level 10, -1/99 HPs)
             Began as a Minotaur Berserker on May 9, 2023.
             Was an Elder of Trog.
             Slain by an Executioner (2 damage)
             ... on level 5 of the Abyss.
             The game lasted 00:10:33 (7786 turns).

qeuew the Cleaver (Minotaur Berserker)              Turns: 7786, Time: 00:10:33

Health: -1/99      AC: 15    Str: 28    XL:     10   Next: 41%
Magic:  9/9        EV: 15    Int:  3    God:    Trog [****..]
Gold:   443        SH:  0    Dex: 17    Spells: 9/9 levels left

rFire   + . .        a - +1 hand axe
rCold   + . .        (no shield)
rNeg    . . .        t - +3 ring mail of Fortitude {rPois Will+}
rPois   +            (helmet unavailable)
rElec   +            s - +2 cloak {rPois}
rCorr   +            e - +1 pair of gloves
SInv    +            (no boots)
Will    +....        (no amulet)
Stlth   +            f - ring of see invisible
HPRegen 0.36/turn    i - +6 ring of strength
MPRegen 0.11/turn

%: no passive effects
@: about to teleport, resistant
A: horns 3, retaliatory headbutt, agile 1, robust 1, MP-powered wands
a: Renounce Religion, Berserk, Trog's Hand, Brothers in Arms


You were on level 5 of the Abyss.
You worshipped Trog.
Trog was greatly pleased with you.
You visited 1 branch of the dungeon, and saw 8 of its levels.
You visited the Abyss 1 time.
You also visited: Bailey.

You collected 443 gold pieces.

Inventory:

Hand Weapons
 a - a +1 hand axe (weapon)
Armour
 e - a +1 pair of gloves (worn)
 s - a +2 cloak of poison resistance (worn)
 t - the +3 ring mail of Fortitude (worn) {rPois Will+}
   (You found it in a bailey)

   rPois:     It protects you from poison.
   Will:      It increases your willpower.
Jewellery
 f - a ring of see invisible (left hand)
 i - a +6 ring of strength (right hand)
 x - a ring of fire
Wands
 d - a wand of quicksilver (11)
 l - a wand of paralysis (20)
 o - a wand of polymorph (14)
 r - a wand of roots (15)
Scrolls
 b - 2 scrolls of enchant armour
 g - 6 scrolls of fear
 k - 3 scrolls of teleportation
 m - 2 scrolls of fog
 n - a scroll of blinking
 u - a scroll of magic mapping
 w - 2 scrolls of identify
Potions
 c - 6 potions of heal wounds
 h - a potion of berserk rage
 j - a potion of invisibility
 p - a potion of haste
 q - 2 potions of curing
 v - a potion of magic {unknown}


   Skills:
 + Level 8.7 Fighting
 * Level 11.5 Axes
 + Level 8.2 Armour
 + Level 7.3 Dodging
 + Level 5.0 Evocations


You had 9 spell levels left.
You didn't know any spells.
Your spell library was empty.

Dungeon Overview and Level Annotations

Branches:
Dungeon (8/15)             Temple (0/1) D:6          Bailey (visited)
   Lair: D:8-11

Altars:
Elyvilon
Fedhas

Shops:
D:4 !

Annotations:
D:4 exclusion: oklob plant
D:8 Psyche


Innate Abilities, Weirdness & Mutations

You have a pair of large horns on your head.
You reflexively headbutt those who attack you in melee.
You are agile. (Dex +4, Str/Int -1)
You are robust. (+10% HP)
You expend magic power (3 MP) to strengthen your wands.


Message History

The Executioner gives a hideous shriek!
You hear a shout!
The Executioner gestures.
The Executioner seems to speed up.
You hear a shout!
As you read the scroll of teleportation, it crumbles to dust.
You feel strangely unstable.
You feel the power of the Abyss delaying your translocation!
The Executioner barely misses you. You furiously retaliate!
You headbutt the Executioner!
The Executioner hits you but does no damage.
The Executioner barely misses you.
The Executioner attacks as you move away!
The Executioner barely misses you.
The Executioner hits you but does no damage.
The Executioner hits you. The Executioner misses you.
The Executioner hits you but does no damage.
The Executioner closely misses you. The Executioner barely misses you.
The Executioner hits you but does no damage. x2
The Executioner hits you.
The Executioner hits you but does no damage.
The Executioner completely misses you. The Executioner hits you!
The Executioner hits you but does no damage.
The Executioner hits you.
A worldbinder comes into view.
Unknown command.
The Executioner hits you. x2
* * * LOW HITPOINT WARNING * * *
The Executioner hits you but does no damage.
The Executioner barely misses you.
The Executioner hits you but does no damage. x2
Unknown command.
The Executioner hits you!!
* * * LOW HITPOINT WARNING * * *
The Executioner barely misses you.
The Executioner hits you but does no damage.
The Executioner hits you!
* * * LOW HITPOINT WARNING * * *
The Executioner hits you but does no damage.
The Executioner hits you.
You die...

... . #.####.#
. ####.#.#.#
#.##.......#
#..#.###.#
#..#...##
#.....#
#.#..1#..#
#x..@##.#...
#.##....###.##
.. ###.## ....
.# ## .# #..
#. #.. # ..


You could see an Executioner (fast) and a worldbinder.

Vanquished Creatures
  Joseph (D:8)
  A gargoyle (Bailey)
  A large abomination (Abyss:5)
  Prince Ribbit (D:5)
  A harpy skeleton (Abyss:5)
  A vampire (Bailey)
  Eustachio (D:6)
  2 yaks (D:8)
  A chaos spawn (Abyss:5)
  A vampire mosquito (D:5)
  Duvessa (D:5)
  2 black bears
  2 sky beasts
  The ghost of backslashecho the Chopper, an amateur MeRe (D:3)
  2 centaurs
  3 ogres
  3 kobold brigands
  3 bullfrogs
  2 scorpions (D:5)
  Dowan (D:5)
  8 vampire bats (Bailey)
  10 killer bees
  2 howler monkeys
  7 wolf zombies (Bailey)
  2 hounds (D:5)
  4 orc priests
  Ijyb (D:5)
  6 iguanas
  3 sleepcaps (D:6)
  8 orc wizards
  3 gnolls (D:6)
  5 adders
  A shadow imp (D:5)
  2 worms (D:4)
  The ghost of dialectric the Sneak, a weakling HODe (D:5)
  19 orcs
  6 endoplasms
  7 giant cockroaches
  5 goblins
  3 hobgoblins
  5 jackals
  3 quokkas
  6 ball pythons
  6 bats
  2 frilled lizards (D:1)
  23 kobolds
  16 orc zombies (Bailey)
  7 rats
202 creatures vanquished.

Vanquished Creatures (others)
  A lurking horror (Abyss:5)
1 creature vanquished.

Grand Total: 203 creatures vanquished

Notes
Turn   | Place    | Note
-------+----------+-------------------------------------------
     0 | D:1      | qeuew the Minotaur Berserker began the quest for the Orb.
     0 | D:1      | Reached XP level 1. HP: 19/19 MP: 0/0
   173 | D:1      | Reached XP level 2. HP: 27/27 MP: 1/1
   321 | D:1      | Reached skill level 4 in Axes
   752 | D:2      | Reached ** piety under Trog
   753 | D:2      | Reached XP level 3. HP: 33/33 MP: 2/2
  1438 | D:2      | Reached XP level 4. HP: 34/40 MP: 3/3
  2068 | D:3      | You fall into a shaft and drop 1 floor!
  2248 | D:4      | Reached skill level 5 in Axes
  2347 | D:3      | Noticed backslashecho's ghost (amateur MeRe)
  2348 | D:3      | Found a runed translucent gate.
  2349 | D:3      | Found a runed translucent gate.
  2349 | D:3      | Found a runed translucent gate.
  2351 | D:3      | Noticed a kobold brigand
  2373 | D:3      | Killed a kobold brigand
  2374 | D:3      | Reached XP level 5. HP: 47/47 MP: 4/4
  2379 | D:3      | Killed backslashecho's ghost
  2380 | D:3      | Reached XP level 6. HP: 55/55 MP: 5/5
  2820 | D:3      | Gained mutation: You are robust. (+10% HP) [potion of
                  | mutation]
  2820 | D:3      | Gained mutation: You expend magic power (3 MP) to
                  | strengthen your wands. [potion of mutation]
  2820 | D:3      | Gained mutation: You have a pair of large horns on your
                  | head. [potion of mutation]
  2820 | D:3      | Gained mutation: You are agile. (Dex +4, Str/Int -1)
                  | [potion of mutation]
  2892 | D:4      | Found a white marble altar of Elyvilon.
  2931 | D:4      | Found Enoner's Distillery.
  2951 | D:4      | Reached skill level 5 in Fighting
  2951 | D:4      | Reached skill level 6 in Axes
  2951 | D:4      | Reached *** piety under Trog
  3173 | D:4      | Found a blossoming altar of Fedhas.
  3192 | D:4      | Noticed an oklob plant
  3276 | D:5      | Entered Level 5 of the Dungeon
  3554 | D:5      | Found a runed translucent gate.
  3554 | D:5      | Noticed a vampire mosquito
  3554 | D:5      | Noticed dialectric's ghost (weakling HODe)
  3555 | D:5      | Found a runed translucent gate.
  3556 | D:5      | Found a runed translucent gate.
  3577 | D:5      | Reached skill level 1 in Evocations
  3578 | D:5      | Killed dialectric's ghost
  3581 | D:5      | Killed a vampire mosquito
  3582 | D:5      | Reached XP level 7. HP: 67/67 MP: 6/6
  3583 | D:5      | Reached skill level 7 in Axes
  3642 | D:5      | Noticed Dowan
  3642 | D:5      | Noticed Duvessa
  3643 | D:5      | Noticed Ijyb
  3651 | D:5      | Killed Duvessa
  3652 | D:5      | Reached skill level 5 in Armour
  3657 | D:5      | Killed Ijyb
  3659 | D:5      | Killed Dowan
  4218 | D:5      | Noticed Prince Ribbit
  4234 | D:5      | Killed Prince Ribbit
  4235 | D:5      | Reached skill level 8 in Axes
  4235 | D:5      | Reached XP level 8. HP: 41/77 MP: 7/7
  4543 | D:6      | Reached skill level 5 in Dodging
  4685 | D:6      | Found a staircase to the Ecumenical Temple.
  4855 | D:6      | Reached skill level 9 in Axes
  5079 | D:6      | Noticed Eustachio
  5114 | D:6      | Killed Eustachio
  5115 | D:6      | Reached XP level 9. HP: 47/86 MP: 8/8
  5488 | D:7      | Found a flagged portal.
  5502 | Bailey   | Entered a bailey
  5784 | Bailey   | Reached **** piety under Trog
  5818 | Bailey   | Reached skill level 10 in Axes
  5862 | Bailey   | Noticed a gargoyle
  5873 | Bailey   | Killed a gargoyle
  6177 | Bailey   | Identified the +3 ring mail of Fortitude {rPois Will+}
  7148 | D:8      | Reached XP level 10. HP: 96/96 MP: 9/9
  7368 | D:8      | Reached skill level 11 in Axes
  7368 | D:8      | Noticed Joseph
  7374 | D:8      | Killed Joseph
  7573 | D:8      | Noticed Psyche
  7590 | Abyss:2  | Cast into level 2 of the Abyss (Psyche)
  7628 | Abyss:2  | Noticed a rust devil
  7670 | Abyss:2  | Noticed a smoke demon
  7681 | Abyss:3  | Found a corrupted altar of Lugonu.
  7763 | Abyss:5  | Reached skill level 5 in Evocations
  7771 | Abyss:5  | Noticed a deep elf sorcerer
  7780 | Abyss:5  | Noticed an Executioner
  7784 | Abyss:5  | Noticed a worldbinder
  7786 | Abyss:5  | HP: 1/99 [Executioner (10)]
  7786 | Abyss:5  | Slain by an Executioner

Illustrated notes

Levels and vault maps discovered:
D:1:      minmay_arrival_cross, layout_basic, minmay_tree_intersection,
          minmay_worlds_worst_comb
D:2:      layout_basic
D:3:      layout_loops_corners, gammafunk_ghost_nasty_kobolds
D:4:      layout_cave_pools, general_overflow_altar, tgw_fedhas, serial_shops,
          nicolae_shop_industrial_runoff, dk_noncrumbling_3
D:5:      layout_basic, gammafunk_ghost_split, uniq_ijyb, uniq_duvessa,
          uniq_prince_ribbit1
D:6:      layout_basic, minmay_temple_entry_wispy, uniq_eustachio
D:7:      layout_basic, enter_bailey_1, hangedman_decor_slide_cut
D:8:      layout_loops_ring, uniq_psyche, uniq_joseph
Abyss:5:  base: D:2, evilmike_nicolae_abyss_rune_betentacled_crabyss,
          evilmike_abyss_exit_glass, grunt_abyss_rune_forest_and_sorcery

Skill      XL: |  1  2  3  4  5  6  7  8  9 10 |
---------------+-------------------------------+-----
Axes           | 4 5 6 8 9 10 11 | 11.5
Fighting       | 4 5 6 7 8 |  8.7
Armour         | 3 4 5 6 7 8 |  8.2
Dodging        | 3 4 5 6 7 |  7.3
Evocations     | 1 2 3 4 5 |  5.0

Action                     |  1- 3 |  4- 6 |  7- 9 | 10-12 || total
---------------------------+-------+-------+-------+-------++-------
  Melee: Hand axe          |    59 |   104 |   250 |    91 ||   504
         Headbutt          |     7 |    16 |    55 |    19 ||    97
         Punch             |     1 |       |     2 |       ||     3
 Invoke: Berserk           |       |     3 |     4 |       ||     7
         Trog's Hand       |       |     2 |     2 |       ||     4
    Use: Scroll            |     1 |     6 |     7 |     1 ||    15
         Potion            |     1 |     1 |     4 |       ||     6
   Stab: Sleeping          |     2 |       |       |       ||     2
         Invisible         |       |       |     2 |       ||     2
 Armour: Animal skin       |    11 |       |       |       ||    11
         Ring mail         |    10 |    36 |    93 |    33 ||   172
  Dodge: Dodged            |    51 |    63 |   198 |    63 ||   375
